Map: Submarine LE

Players

EON - Winner!

  • Race: Zerg Zerg
  • League: Master
  • Spawn Location: 5:00

YaNaRion

  • Race: Terran Terran
  • League: Master
  • Spawn Location: 11:00

VOD

Have the link to the VOD?

Description

Time

  • Played on: Jan. 16, 2021, 7:49 p.m.
  • Length: 10:16
Show
View Real Time Build Order
Export as new Build Order

EON Zerg - Winner!

Build Orders: Pool First, Roach Hydra 

Get SALT Encoding   

  12  0:00  Drone  
  13  0:12  Overlord  
  13  0:17  Drone  
  14  0:31  Drone x2  
  16  0:41  Spawning Pool  
  15  0:44  Drone  
  15  0:49  Drone  
  17  1:10  Hatchery  
  16  1:11  Drone  
  16  1:17  Extractor  
  16  1:20  Drone  
  17  1:29  Zergling x4  
  19  1:33  Queen  
  21  1:42  Overlord  
  21  1:55  Roach Warren  
  21  1:58  Drone  
  21  2:02  Drone  
  22  2:24  Queen  
  24  2:36  Roach  
  26  2:37  Roach x3  
  26  2:38  Roach  
  34  2:44  Overlord  
  34  3:02  Ravager  
  35  3:07  Drone x3  
  35  3:09  Drone x3  
  41  3:17  Overlord  
  41  3:21  Drone x2  
  43  3:27  Drone  
  43  3:52  Drone  
  43  3:57  Drone  
  38  4:15  Drone  
  38  4:16  Drone x2  
  36  4:18  Drone x6  
  36  4:21  Metabolic Boost  
  42  4:31  Hatchery  
  42  4:32  Queen  
  42  4:34  Extractor  
  42  4:35  Extractor  
  41  4:40  Overlord  
  41  4:41  Overlord  
  41  4:43  Drone x2  
  43  4:54  Overlord x2  
  43  5:01  Drone x3  
  43  5:04  Evolution Chamber  
  43  5:05  Evolution Chamber  
  43  5:06  Lair  
  50  5:07  Roach x3  
  50  5:11  Queen  
  52  5:19  Drone x2  
  54  5:22  Roach  
  54  5:23  Roach  
  54  5:25  Drone x2  
  54  5:26  Drone  
  54  5:27  Drone  
  62  5:32  Spore Crawler  
  62  5:34  Zerg Missile Weapons Level 1  
  61  5:40  Zerg Ground Armor Level 1  
  61  5:46  Drone  
  61  5:47  Drone  
  63  5:51  Queen  
  63  5:53  Drone, Spore Crawler  
  65  5:59  Drone x2  
  65  6:03  Drone x4  
  71  6:05  Drone  
  71  6:09  Overseer  
  73  6:25  Drone  
  73  6:30  Drone x3  
  76  6:37  Drone x3, Extractor  
  80  6:40  Roach x2, Hydralisk Den  
  80  6:46  Glial Reconstitution  
  81  6:52  Drone  
  82  6:54  Extractor  
  82  6:55  Overlord x3, Extractor  
  80  7:11  Hydralisk  
  80  7:13  Overlord x2  
  80  7:14  Overlord, Hydralisk  
  80  7:15  Hydralisk x8  
  86  7:19  Grooved Spines  
  96  7:30  Roach  
  96  7:33  Roach x2  
  98  7:41  Roach  
  94  7:46  Roach  
  94  7:49  Roach x3  
  92  7:55  Queen  
  92  7:56  Zerg Missile Weapons Level 2  
  92  7:59  Drone x4  
  92  8:00  Drone  
  92  8:02  Overlord  
  92  8:05  Roach x3  
  103  8:08  Roach x2  
  103  8:10  Overseer  
  109  8:13  Roach  
  109  8:14  Roach x3  
  109  8:16  Roach  
  117  8:20  Hydralisk  
  117  8:21  Hydralisk  
  121  8:27  Drone  
  121  8:30  Muscular Augments  
  122  8:37  Hydralisk  
  122  8:38  Hydralisk x2  
  128  8:46  Overlord  
  128  8:47  Overlord, Hydralisk  
  130  8:59  Infestation Pit  
  129  9:07  Hydralisk  
  129  9:08  Hydralisk x5  
  141  9:10  Hatchery  
  141  9:11  Hydralisk  
  141  9:12  Hydralisk  
  144  9:17  Hydralisk  
  144  9:20  Overlord x2  
  146  9:42  Hydralisk x3  
  146  9:43  Hydralisk x3  
  146  9:47  Hydralisk  
Show
View Real Time Build Order
Export as new Build Order

YaNaRion Terran 

Build Orders: Reaper Expand 

Get SALT Encoding   

  12  0:00  SCV  
  13  0:12  SCV  
  14  0:17  Supply Depot  
  14  0:25  SCV  
  15  0:38  SCV  
  15  0:40  Barracks  
  16  0:45  Refinery  
  16  0:50  SCV  
  17  1:03  SCV  
  18  1:15  SCV  
  19  1:27  Reaper, Orbital Command  
  20  1:44  Command Center  
  20  1:52  Supply Depot  
  20  1:53  SCV  
  21  1:59  Marine  
  22  2:05  SCV  
  23  2:09  Factory  
  22  2:17  SCV  
  23  2:23  Marine  
  23  2:28  Bunker  
  23  2:29  SCV  
  25  2:36  Refinery  
  25  2:41  SCV, Marine  
  27  2:52  Factory Reactor  
  27  2:53  SCV  
  27  2:55  SCV  
  29  3:00  Marine  
  29  3:04  Starport  
  30  3:06  SCV  
  31  3:19  Orbital Command, Bunker  
  32  3:22  SCV  
  33  3:33  Starport  
  32  3:35  SCV  
  32  3:36  Factory Tech Lab  
  33  3:42  Marine x2  
  33  3:47  SCV  
  34  3:52  SCV  
  34  3:59  SCV  
  31  4:06  Marine x2  
  31  4:08  Cyclone  
  29  4:11  SCV  
  29  4:15  Orbital Command  
  30  4:20  Starport Tech Lab  
  30  4:24  SCV  
  30  4:28  Marine x2  
  32  4:34  Barracks  
  32  4:36  SCV  
  33  4:41  SCV  
  34  4:47  Marine x2, Bunker  
  34  4:48  SCV  
  37  4:53  SCV  
  37  4:58  Medivac  
  40  5:00  SCV  
  40  5:01  Siege Tank  
  40  5:05  SCV  
  40  5:06  Marine  
  46  5:15  Supply Depot  
  46  5:27  Supply Depot  
  46  5:30  Barracks  
  46  5:37  SCV, Marine x2  
  46  5:39  Stimpack, Marine  
  46  5:41  SCV  
  46  5:42  Refinery  
  51  5:45  Engineering Bay  
  51  5:48  Medivac  
  53  5:52  SCV  
  53  5:54  Marine x2  
  56  5:57  Supply Depot  
  56  6:00  Factory Reactor, Marine  
  56  6:01  SCV  
  58  6:04  SCV  
  59  6:12  Marine x2  
  59  6:13  SCV  
  62  6:21  Marine  
  62  6:24  Medivac  
  66  6:25  SCV  
  66  6:28  Terran Infantry Weapons Level 1  
  66  6:29  SCV  
  66  6:32  Supply Depot  
  67  6:33  Refinery  
  67  6:34  Marine x2  
  67  6:37  SCV  
  70  6:45  Combat Shield  
  70  6:54  SCV x2, Marine x4  
  76  7:11  Marine x2  
  76  7:12  Factory Tech Lab  
  76  7:15  Supply Depot  
  78  7:23  Marine  
  78  7:27  Marine  
  78  7:28  SCV  
  78  7:29  Marine  
  78  7:30  Marine  
  78  7:36  Siege Tank  
  80  7:41  Marine  
  76  7:45  Marine  
  76  7:47  Marine  
  76  7:48  Marine  
  76  7:49  Medivac x2  
  67  7:58  Marine  
  67  8:02  Barracks  
  67  8:03  Barracks, Marine  
  67  8:04  SCV  
  67  8:05  Marine  
  71  8:06  SCV, Marine  
  72  8:16  Marine  
  73  8:21  Siege Tank, Marine  
  73  8:23  Marine  
  73  8:24  SCV  
  79  8:28  Supply Depot  
  79  8:31  SCV  
  80  8:34  Command Center  
  80  8:39  Marauder, Marine x2  
  83  8:44  SCV  
  83  8:56  Marine  
  83  8:57  Barracks Tech Lab, Marauder  
  83  8:59  Barracks Reactor, Siege Tank  
  83  9:01  SCV x2, Marauder  
  92  9:13  Supply Depot  
  92  9:14  SCV  
  92  9:16  Marine  
  92  9:17  Supply Depot  
  94  9:18  Marauder  
  94  9:19  Marine  
  94  9:23  Marine x2  
  99  9:34  Marine  
  99  9:36  Marine  
  99  9:37  Marine  
  98  9:39  Marine  
  98  9:42  Marauder  
  91  9:47  Marine  
  91  9:48  SCV  
  72  10:00  SCV  
Tags
 
Add a new tag
Caveats
  • Supply blocks, unpowered buildings, or Contaminate may cause inaccurate times.
  • Supply counts are checked every 10 seconds.